 Dungeon Crawl Stone Soup version 0.30-a0-778-g2ef04afb54 (webtiles) character file.

Game seed: 16435241078901814369

8042 Anon1729 the Fighter (level 11, -6/101 HPs)
             Began as a Minotaur Monk on Feb 16, 2023.
             Was a Priest of Uskayaw.
             Mangled by a demonic crawler (7 damage)
             ... on level 2 of the Abyss.
             The game lasted 00:06:14 (6719 turns).

Anon1729 the Fighter (Minotaur Monk)                Turns: 6719, Time: 00:06:15

Health: -6/101     AC: 12    Str: 22 (23) XL:     11   Next: 4%
Magic:  5/13       EV: 13    Int:  6      God:    Uskayaw [***...]
Gold:   471        SH:  0    Dex: 11 (13) Spells: 10/10 levels left

rFire   . . .      SeeInvis .    t - +0 battleaxe
rCold   . . .      Faith    +    (shield currently unavailable)
rNeg    . . .      Spirit   .    o - +0 scale mail
rPois   .          Reflect  .    (helmet restricted)
rElec   .          Harm     .    A - +2 cloak
rCorr   .          Rampage  .    (no gloves)
Will    .....                    (no boots) Stlth
                                 f - amulet of faith
HPRegen 1.16/turn                (no ring)
MPRegen 0.13/turn                (no ring)

@: no status effects
A: horns 2, retaliatory headbutt, deterioration 1, regeneration 1, strong 1
a: Renounce Religion, Stomp, Line Pass


You were on level 2 of the Abyss.
You worshipped Uskayaw.
Uskayaw was noncommittal.
You visited 2 branches of the dungeon, and saw 10 of its levels.
You visited the Abyss 1 time.

You collected 471 gold pieces.

Inventory:

Hand Weapons
 a - a +1 hand axe
 t - a +0 battleaxe (weapon)
Armour
 b - a +0 robe
 o - a +0 scale mail (worn)
 A - a +2 cloak (worn)
Jewellery
 f - an amulet of faith (around neck)
 u - a +4 ring of slaying
Wands
 v - a wand of iceblast (13)
 y - a wand of flame (24)
 z - a wand of digging (1)
 B - a wand of mindburst (3)
Scrolls
 d - 6 scrolls of identify {unknown}
 e - 3 scrolls of magic mapping {unknown}
 g - 2 scrolls of acquirement {unknown}
 h - a scroll of noise {unknown}
 j - a scroll of vulnerability {unknown}
 k - 2 scrolls of butterflies
 l - 4 scrolls of enchant weapon
 m - 4 scrolls of teleportation
 w - a scroll of torment {unknown}
 x - 3 scrolls of poison {unknown}
Potions
 c - a potion of ambrosia
 i - a potion of mutation
 n - a potion of magic {unknown}
 p - 3 potions of curing
 q - 4 potions of lignification {unknown}
 r - 3 potions of attraction {unknown}
 s - 2 potions of heal wounds {unknown}


   Skills:
 + Level 10.5 Fighting
 + Level 10.5 Axes
 + Level 9.7 Armour
 + Level 9.6 Dodging
 - Level 1.5 Stealth
 + Level 4.7 Invocations


You had 10 spell levels left.
You didn't know any spells.
Your spell library contained the following spells:

 Spells                   Type           Power      Damage    Failure   Level
 Necrotise                Necr           0%         1d4       73%         1
 Slow                     Hex            0%         N/A       73%         1
 Scorch                   Fire           0%         2d5       86%         2
 Confusing Touch          Hex            0%         N/A       97%         3
 Gell's Gravitas          Tloc           0%         N/A       97%         3
 Hailstorm                Conj/Ice       0%         3d3       97%         3
 Ignite Poison            Fire/Tmut/Pois 0%         N/A       97%         3
 Inner Flame              Hex/Fire       0%         N/A       97%         3
 Kindle Blastsparks       Fire/Tloc/Air  0%         2d10      97%         3
 Ozocubu's Armour         Ice            0%         N/A       97%         3
 Teleport Other           Tloc           0%         N/A       97%         3
 Vampiric Draining        Necr           0%         2d6       97%         3
 Vhi's Electric Charge    Tloc/Air       0%         N/A       97%         3
 Cause Fear               Hex            0%         N/A       100%        4
 Flame Wave               Conj/Fire      0%         2d4       100%        4
 Ice Form                 Ice/Tmut       0%         N/A       100%        4
 Sticky Flame             Conj/Fire      0%         2d3       100%        4
 Agony                    Necr           0%         N/A       100%        5
 Arcjolt                  Conj/Air       0%         1d10      100%        5
 Freezing Cloud           Conj/Ice/Air   0%         6-21      100%        5
 Metabolic Englaciation   Hex/Ice        0%         N/A       100%        5
 Dispersal                Tloc           0%         N/A       100%        6
 Simulacrum               Ice/Necr       0%         N/A       100%        6
 Starburst                Conj/Fire      0%         6d3       100%        6
 Summon Cactus Giant      Summ           0%         N/A       100%        6
 Discord                  Hex            0%         N/A       100%        8
 Maxwell's Capacitive Co  Air            0%         ∞         100%        8


Dungeon Overview and Level Annotations

Branches:
Dungeon (9/15)             Temple (1/1) D:7            Lair (0/5) D:9
    Orc: D:9-12

Altars:
Ashenzari
Cheibriados
Dithmenos
Elyvilon
Fedhas
Gozag
Hepliaklqana
Kikubaaqudgha
Makhleb
Okawaru
Qazlal
Ru
Sif Muna
Trog
Uskayaw
Vehumet
Yredelemnul
Zin
The Shining One

Shops:
D:7 [

Annotations:
D:4 1 runed translucent door, jazmu's ghost, amateur DsHs


Innate Abilities, Weirdness & Mutations

You have a pair of horns on your head.
You reflexively headbutt those who attack you in melee.
Your body sometimes deteriorates upon taking damage.
Your natural rate of healing is unusually fast.
Your muscles are strong. (Str +4, Int/Dex -1)


Message History

The demonic crawler barely misses you. You furiously retaliate!
You headbutt the demonic crawler! The demonic crawler hits you!
Your body deteriorates!
You feel weakened. The demonic crawler barely misses you.
The sixfirhy barely misses you.
You can now merge with and destroy a victim.
Okay, then.
Okay, then.
Aiming: Line Pass
Press: ? - help, Dir - move target, f - demonic crawler
Aim: a demonic crawler (moderately wounded)
You can't stand on top of the monster!
Aiming: Line Pass
Press: ? - help, Dir - move target, p - demonic crawler The demonic crawler appears confused.
You can no longer merge with and destroy a victim.
It was a potion of curing.
You feel better.
The sixfirhy is no longer sharing its pain.
You hit the demonic crawler but do no damage.
You headbutt the demonic crawler, but do no damage.
The demonic crawler is lightly wounded.
The demonic crawler seems less confused.
The demonic crawler hits you. The demonic crawler hits you!
The demonic crawler hits you. The sixfirhy hits you. The sixfirhy shocks you!
* * * LOW HITPOINT WARNING * * *
The demonic crawler barely misses you. The demonic crawler misses you.
The demonic crawler hits you but does no damage.
Aiming: Line Pass
Press: ? - help, Dir - move target The sixfirhy appears confused.
The sixfirhy hits you.
* * * LOW HITPOINT WARNING * * *
The sixfirhy shocks you!
* * * LOW HITPOINT WARNING * * *
Your body deteriorates!
You feel clumsy.
The sixfirhy hits itself.
The sixfirhy hits you but does no damage.
The demonic crawler hits you!
* * * LOW HITPOINT WARNING * * *
Your body deteriorates!
You feel clumsy. The demonic crawler misses you. The demonic crawler hits you!
You die...

# #.. .# .# ~..## .
#. .. ~ .#.....#.
.## ##..#..~ ##....
. .. #.
.#...##.....# .. #
.. #. # #...# .#
.... #..~. ##.##
#.## #.... #~.
##...## ...## #
.##~.##....@#.....#
.#
§#.....†..s3.......#
.. #
.#.##.....#.....#.
..
###..###...###...##
. .#. ##.## ##.##
#.## #. . .. #...
..# .##.... #.....
..# . .. ...... ..
... . #
.##....#.....#. .#


You could see a demonic crawler and a sixfirhy (confused).

Vanquished Creatures
  A cyclops (D:8)
  A black mamba (shapeshifter) (Abyss:2)
  A kobold demonologist (D:9)
  A hornet (D:9)
  Prince Ribbit (D:5)
  A shadow (D:9)
  2 humans (D:9)
  A wyvern (D:9)
  2 basilisks (D:9)
  6 yaks (D:9)
  A chaos spawn (Abyss:2)
  3 steam dragons
  Menkaure (D:6)
  Edmund (D:6)
  2 acid dragons (D:8)
  5 water moccasins
  3 orc warriors
  A sky beast (D:7)
  4 black bears
  5 centaurs
  A kobold brigand (D:7)
  3 bullfrogs
  9 scorpions
  2 gnoll sergeants
  6 wights (D:6)
  5 killer bees (D:9)
  A howler monkey (D:9)
  An electric eel (D:8)
  A crimson imp (D:4)
  4 hounds
  An orc priest (D:7)
  6 iguanas
  9 orc wizards
  7 adders
  14 gnolls
  A white imp (D:6)
  2 worms (D:2)
  3 dart slugs
  18 orcs
  4 endoplasms
  2 giant cockroaches (D:2)
  9 goblins
  9 hobgoblins
  9 kobolds
  4 quokkas
  8 ball pythons
  6 bats
  4 frilled lizards
  A goblin skeleton (D:4)
  A goblin zombie (D:4)
  5 hobgoblin zombies (D:4)
  3 kobold skeletons (D:4)
  An orc skeleton (D:4)
  An orc zombie (D:4)
  3 rats
207 creatures vanquished.

Vanquished Creatures (others)
  3 fungi (D:9)
  12 plants
15 creatures vanquished.

Grand Total: 222 creatures vanquished

Notes
Turn   | Place    | Note
-------+----------+-------------------------------------------
     0 | D:1      | Anon1729 the Minotaur Monk began the quest for the Orb.
     0 | D:1      | Reached XP level 1. HP: 19/19 MP: 0/0
   252 | D:1      | Reached XP level 2. HP: 25/27 MP: 1/1
   284 | D:1      | Reached skill level 1 in Armour
   656 | D:1      | Reached XP level 3. HP: 33/33 MP: 2/2
  1825 | D:3      | Reached XP level 4. HP: 41/41 MP: 3/3
  1959 | D:4      | Found a glowing golden altar of the Shining One.
  2058 | D:4      | Reached XP level 5. HP: 47/47 MP: 4/4
  2139 | D:4      | Found a runed translucent door.
  2145 | D:4      | Noticed jazmu's ghost (amateur DsHs)
  2264 | D:4      | Reached skill level 5 in Fighting
  2618 | D:5      | Entered Level 5 of the Dungeon
  2630 | D:5      | Reached skill level 5 in Axes
  2640 | D:5      | Reached XP level 6. HP: 26/56 MP: 5/5
  3045 | D:5      | Reached skill level 5 in Dodging
  3094 | D:5      | Noticed a water moccasin
  3102 | D:5      | Gained mutation: Your muscles are strong. (Str +4, Int/Dex
                  | -1) [potion of mutation]
  3102 | D:5      | Gained mutation: Your body sometimes deteriorates upon
                  | taking damage. [potion of mutation]
  3102 | D:5      | Gained mutation: Your natural rate of healing is unusually
                  | fast. [potion of mutation]
  3110 | D:5      | Killed a water moccasin
  3111 | D:5      | Reached XP level 7. HP: 57/62 MP: 6/6
  3177 | D:5      | Noticed Prince Ribbit
  3191 | D:5      | Killed Prince Ribbit
  3192 | D:5      | Reached skill level 5 in Armour
  3273 | D:5      | Reached XP level 8. HP: 66/71 MP: 7/7
  3598 | D:6      | Noticed Menkaure
  3610 | D:6      | Killed Menkaure
  3788 | D:6      | Found a white marble altar of Elyvilon.
  3819 | D:6      | Noticed Edmund
  3837 | D:6      | Killed Edmund
  3964 | D:6      | Reached XP level 9. HP: 57/77 MP: 8/8
  4460 | D:7      | Found a glowing silver altar of Zin.
  4514 | D:7      | Found a snail-covered altar of Cheibriados.
  4515 | D:7      | Found Cheibriados's Comfort Zone.
  4717 | D:7      | Found a burning altar of Makhleb.
  4822 | D:7      | Found a staircase to the Ecumenical Temple.
  4927 | D:7      | Found an opulent altar of Gozag.
  4994 | Temple   | Entered the Ecumenical Temple
  5012 | Temple   | Became a worshipper of Uskayaw the Reveller
  5012 | Temple   | Reached * piety under Uskayaw
  5050 | D:8      | Reached ** piety under Uskayaw
  5132 | D:8      | Reached skill level 1 in Invocations
  5135 | D:8      | Reached *** piety under Uskayaw
  5136 | D:8      | Reached **** piety under Uskayaw
  5340 | D:8      | Identified the +5 morningstar "Ygeviorgh" {heavy, rF+
                  | Int+3}
  5399 | D:8      | Noticed a cyclops
  5405 | D:8      | Killed a cyclops
  5407 | D:8      | Reached ***** piety under Uskayaw
  5443 | D:8      | Got Viffufah's Commentary on the Snowflakes and Combustion
  5481 | D:8      | Reached XP level 10. HP: 57/91 MP: 10/10
  5830 | D:9      | Found a staircase to the Lair.
  5879 | D:9      | Reached skill level 10 in Fighting
  5994 | D:9      | Reached skill level 10 in Axes
  6029 | D:9      | Found an iron altar of Okawaru.
  6483 | D:9      | Noticed a wizard
  6487 | D:9      | Reached ****** piety under Uskayaw
  6603 | D:9      | Paralysed by a hornet for 3 turns
  6649 | Abyss:2  | Cast into level 2 of the Abyss (a wizard)
  6695 | Abyss:2  | Reached XP level 11. HP: 101/101 MP: 13/13
  6712 | Abyss:2  | Noticed a sixfirhy
  6719 | Abyss:2  | HP: 1/101 [demonic crawler (11)]
  6719 | Abyss:2  | Mangled by a demonic crawler

Illustrated notes

Levels and vault maps discovered:
D:1:      nicolae_arrival_somewhat_less_tricky_arrival, layout_loops_ring,
          chequers_serial_rivers_small_b
D:2:      layout_basic, kennysheep_generic_room_4
D:3:      layout_rooms
D:4:      layout_basic, nicolae_tso_besieged_by_evil,
          ebering_ghost_reflecting_pool, fountainhead
D:5:      layout_cave_pools, chequers_serial_rivers_micro_a, st_stairs_4,
          uniq_prince_ribbit1
D:6:      layout_basic, general_overflow_altar, minivault_11,
          serial_bayou_pond_b, uniq_menkaure, uniq_edmund
D:7:      layout_basic, pdpol_temple_overflow_zin_treasury_gozag_greed,
          mainiacjoe_overflow_brackets, minmay_temple_entry_proselytizer,
          minmay_shop_chei
D:8:      layout_basic, minivault_14
D:9:      cheibrodos_barr_body, layout_loops_ring, okawaru_humans,
          minmay_lair_entry_grove
Temple:   hellmonk_temple_two_chambers
Abyss:2:  base: D:8, evilmike_abyss_exit_5

Skill      XL: |  1  2  3  4  5  6  7  8  9 10 |
---------------+-------------------------------+-----
Armour         | 1 2 3 4 5 6 8 9 |  9.7
Fighting       | 4 5 6 7 9 10 | 10.5
Axes           | 4 5 6 7 9 10 | 10.5
Dodging        | 4 5 6 7 8 9 |  9.6
Invocations    | 2 4 |  4.7
Stealth        | |  1.5

Action                     |  1- 3 |  4- 6 |  7- 9 | 10-12 || total
---------------------------+-------+-------+-------+-------++-------
  Melee: Hand axe          |   110 |   102 |   100 |       ||   312
         Headbutt          |    10 |    14 |    49 |    21 ||    94
         Punch             |     1 |     2 |       |       ||     3
         Battleaxe         |       |       |   123 |   133 ||   256
 Invoke: Line Pass         |       |       |       |     2 ||     2
  Evoke: Wand              |       |       |     2 |     1 ||     3
    Use: Scroll            |       |     3 |       |     1 ||     4
         Potion            |       |     2 |     1 |     1 ||     4
   Stab: Sleeping          |     5 |       |       |       ||     5
         Paralysed         |       |       |     4 |    13 ||    17
 Armour: Robe              |    18 |       |       |       ||    18
         Scale mail        |       |    31 |    91 |    66 ||   188
  Dodge: Dodged            |    67 |    66 |   172 |   106 ||   411

Table legend: (Time is in decaauts)
 A = Elapsed time spent in this place.
 B = Non-inter-level travel time spent in this place.
 C = Inter-level travel time spent in this place.
 D = Time resting spent in this place.
 E = Time spent auto-exploring this place.
 F = Levels seen in this place.
 G = Mean time per level.
                   A        B        C        D        E       F      G
               +--------+--------+--------+--------+--------+-----+--------+
         Total |   6819 |   6589 |    230 |    377 |   4907 |  11 |  619.9 |
       Dungeon |   6721 |   6498 |    223 |    377 |   4874 |   9 |  746.8 |
        Temple |     24 |     18 |      6 |      0 |      0 |   1 |   24.0 |
         Abyss |     73 |     73 |      0 |      0 |     33 |   1 |   73.0 |
               +--------+--------+--------+--------+--------+-----+--------+

Top non-repeatable levels by time:
     D:9: 904 daAuts
     D:4: 837 daAuts
     D:5: 820 daAuts
     D:2: 789 daAuts
     D:6: 763 daAuts
     D:7: 754 daAuts
     D:8: 704 daAuts
     D:1: 681 daAuts
     D:3: 465 daAuts
 Abyss:2: 73 daAuts
  Temple: 24 daAuts
